 Dungeon Crawl Stone Soup version 0.30-a0-845-g7c6808c8ce (webtiles) character file.

Game seed: 17790632091836296639

3990124 Khashishi the Grand Master (level 27, 285/285 HPs)
             Began as a Naga Venom Mage on Feb 23, 2023.
             Was a Priest of Yredelemnul.
             Escaped with the Orb
             ... and 5 runes on Mar 3, 2023!
             The game lasted 09:47:43 (51098 turns).

Khashishi the Grand Master (Naga Venom Mage)       Turns: 51098, Time: 09:47:44

Health: 285/285    AC: 27    Str: 25    XL:     27
Magic:  39/39      EV: 18    Int: 27    God:    Yredelemnul [***...]
Gold:   4934       SH:  0    Dex: 18    Spells: 7/51 levels left

rFire   + + .      SeeInvis +      - Unarmed
rCold   + + .      Faith    +    (no shield)
rNeg    + . .      Spirit   .    r - +4 robe of Folly {Brill Will-∞ Int+8}
rPois   +          Reflect  .    C - -2 hat of the Alchemist {rElec rPois rF+ rC+ rN+ Will+ rMut rCorr}
rElec   +          Rampage  .    W - +2 cloak of the Thief {*Fog Slay-2 SInv Stlth+}
rCorr   +                        L - +2 pair of gloves {Str+3}
rMut    +                        N - +0 barding of Gravity {*Corrode rC+ Regen+}
Will    .....                    x - amulet of Xom's Bemusement {Faith rF+ Str+2}
Stlth   +++                      s - ring "Iromefof" {rCorr Str+6 Slay+3}
HPRegen 1.47/turn                p - ring "Neluh" {AC+4 Int-2 Dex+3 Slay+6}
MPRegen 0.26/turn

@: studying Short Blades, very slow
A: AC +9, large, see invisible, deformed body, poison resistance, slowness 2,
spit poison 1, naga tail 2, clumsy 1, no potion heal 1
0: Orb of Zot
}: 5/15 runes: decaying, slimy, silver, abyssal, gossamer
a: Spit Poison, Renounce Religion, Recall Undead Harvest, Dark Bargain


You escaped.
You worshipped Yredelemnul.
Yredelemnul was most pleased with you.
You visited 11 branches of the dungeon, and saw 53 of its levels.
You visited the Abyss 2 times.
You also visited: Trove, Ossuary, Ice Cave and Wizlab.

You collected 10235 gold pieces.
You spent 5301 gold pieces at shops.

Inventory:

Missiles
 h - 2 throwing nets
Armour
 r - the +4 robe of Folly (worn) {Brill Will-∞ Int+8}
   (You took it off a centaur warrior on level 9 of the Dungeon)

   Brill:     It increases the power of your magical spells and halves their MP
   cost (rounding up).
   Will-∞: It reduces your willpower to zero.
   Int:       It affects your intelligence (+8).
 C - the -2 hat of the Alchemist (worn) {rElec rPois rF+ rC+ rN+ Will+ rMut rCorr}
   (You found it on level 3 of the Elven Halls)

   rF:        It protects you from fire.
   rC:        It protects you from cold.
   rElec:     It insulates you from electricity.
   rPois:     It protects you from poison.
   rN:        It protects you from negative energy.
   rCorr:     It protects you from acid and corrosion.
   rMut:      It protects you from mutation.
   Will:      It increases your willpower.
 L - a +2 pair of gloves of strength (worn)
 N - the +0 barding of Gravity (worn) {*Corrode rC+ Regen+}
   (You acquired it on level 6 of the Dungeon)

   rC:        It protects you from cold.
   Regen:     It increases your rate of health regeneration.
   *Corrode:  It may corrode you when you take damage.
 W - the +2 cloak of the Thief (worn) {*Fog Slay-2 SInv Stlth+}
   (You found it on level 3 of the Elven Halls)

   *Fog:      It may release a thick cloud of smoke when the wearer is hurt.
   Slay:      It affects your accuracy & damage with ranged weapons and melee
   (-2).
   SInv:      It lets you see invisible.
   Stlth:     It makes you more stealthy.
Jewellery
 b - a ring of protection from cold
 i - the ring "Laripu" {rF++ MP+9 AC+4 Str-3 Int+4}
   (You bought it in a shop on level 4 of the Depths)

   [ring of protection]

   AC:        It affects your AC (+4).
   Str:       It affects your strength (-3).
   Int:       It affects your intelligence (+4).
   rF:        It greatly protects you from fire.
   MP:        It affects your magic capacity (+9).
 o - the ring "Hacruots" {rElec rN+ Str+2 Int+4}
   (You found it in a treasure trove)

   [ring of positive energy]

   Str:       It affects your strength (+2).
   Int:       It affects your intelligence (+4).
   rElec:     It insulates you from electricity.
   rN:        It protects you from negative energy.
 p - the ring "Neluh" (right hand) {AC+4 Int-2 Dex+3 Slay+6}
   (You found it in a treasure trove)

   [ring of protection]

   AC:        It affects your AC (+4).
   Int:       It affects your intelligence (-2).
   Dex:       It affects your dexterity (+3).
   Slay:      It affects your accuracy & damage with ranged weapons and melee
   (+6).
 s - the ring "Iromefof" (left hand) {rCorr Str+6 Slay+3}
   (You took it off a deep elf death mage on level 3 of the Elven Halls)

   [ring of strength]

   Str:       It affects your strength (+6).
   Slay:      It affects your accuracy & damage with ranged weapons and melee
   (+3).
   rCorr:     It protects you from acid and corrosion.
 x - the amulet of Xom's Bemusement (around neck) {Faith rF+ Str+2}
   (You found it in a treasure trove)

   [amulet of faith]

   It allows you to gain divine favour quickly.
   Str:       It affects your strength (+2).
   rF:        It protects you from fire.
 M - the ring "Sampa" {Fire rPois Will+ Int+4}
   (You found it in a treasure trove)

   [ring of fire]

   It enhances your fire magic.
   Int:       It affects your intelligence (+4).
   rF:        It protects you from fire.
   rC:        It makes you vulnerable to cold.
   rPois:     It protects you from poison.
   Will:      It increases your willpower.
 V - the ring of Toth {Fly rElec Will+}
   (You found it on level 3 of the Elven Halls)

   [ring of willpower]

   rElec:     It insulates you from electricity.
   Fly:       It grants you flight.
   Will:      It increases your willpower.
Wands
 c - a wand of iceblast (46)
 v - a wand of charming (75)
 D - a wand of digging (6)
 O - a wand of acid (33)
Scrolls
 e - 47 scrolls of teleportation
 g - 3 scrolls of enchant weapon
 l - 9 scrolls of immolation
 m - 8 scrolls of fear
 q - 12 scrolls of blinking
 t - 11 scrolls of fog
 y - 7 scrolls of magic mapping
 A - 6 scrolls of vulnerability
 F - a scroll of enchant armour
 H - 3 scrolls of silence
 T - 4 scrolls of poison
 Y - a scroll of summoning
 Z - 6 scrolls of amnesia
Potions
 d - 3 potions of brilliance
 f - 3 potions of berserk rage
 j - a potion of invisibility
 k - 5 potions of magic
 n - 2 potions of resistance
 u - 10 potions of attraction
 z - 33 potions of curing
 B - a potion of haste
 E - a potion of mutation
 G - 7 potions of lignification
 I - 13 potions of flight
 J - 9 potions of ambrosia
 S - 11 potions of heal wounds
 U - a potion of cancellation
 X - 4 potions of might
Miscellaneous
 a - a tin of tremorstones (2/2)
 w - a lightning rod (4/4)
 K - a condenser vane
 P - a phial of floods
 Q - a phantom mirror
 R - a box of beasts


   Skills:
 + Level 24.2 Fighting
 - Level 3.0 Armour
 + Level 16.6 Dodging
 - Level 16.0 Stealth
 O Level 27 Unarmed Combat
 + Level 12.6 Spellcasting
 - Level 4.6 Conjurations
 - Level 17.0 Transmutations
 - Level 13.0 Air Magic
 - Level 10.2 Earth Magic
 - Level 9.0 Poison Magic
 - Level 17.0 Invocations
 - Level 5.0 Evocations


You had 7 spell levels left.
You knew the following spells:

 Your Spells              Type           Power      Damage    Failure   Level
a - Lee's Rapid Deconstr  Erth           41%        3d20*     1%          5
b - Irradiate             Conj/Tmut      42%        3d25      1%          5
c - Blade Hands           Tmut           52%        N/A       1%          5
d - Olgreb's Toxic Radia  Pois           78%        N/A       1%          4
e - Mephitic Cloud        Conj/Pois/Air  78%        N/A       1%          3
f - Blink                 Tloc           50%        N/A       4%          2
s - Statue Form           Tmut/Erth      62%        N/A       1%          6
w - Wereblood             Tmut           100%       N/A       0%          2
A - Alistair's Intoxicat  Tmut/Pois      61%        N/A       1%          5
S - Storm Form            Tmut/Air       49%        N/A       6%          7

Your spell library contained the following spells:

 Spells                   Type           Power      Damage    Failure   Level
 Beastly Appendage        Tmut           100%       N/A       0%          1
 Sting                    Tmut/Pois      100%       1d8       0%          1
 Foxfire                  Conj/Fire      100%       2x1d9     1%          1
 Kiss of Death            Conj/Necr      100%       2d13      1%          1
 Magic Dart               Conj           100%       1d8       1%          1
 Shock                    Conj/Air       100%       1d9       1%          1
 Cigotuvi's Dreadful Rot  Necr/Pois/Air  100%       N/A       1%          2
 Poisonous Vapours        Pois/Air       100%       N/A       1%          2
 Searing Ray              Conj           100%       2d8       1%          2
 Ignite Poison            Fire/Tmut/Pois 77%        N/A       1%          3
 Kindle Blastsparks       Fire/Tloc/Air  100%       2d18      1%          3
 Spider Form              Tmut/Pois      92%        N/A       1%          3
 Stone Arrow              Conj/Erth      100%       3d13      1%          3
 Swiftness                Air            92%        N/A       1%          3
 Vhi's Electric Charge    Tloc/Air       100%       N/A       1%          3
 Airstrike                Air            46%        2d(7-23)  1%          4
 Ice Form                 Ice/Tmut       76%        N/A       1%          4
 Summon Lightning Spire   Summ/Air       67%        N/A       2%          4
 Arcjolt                  Conj/Air       38%        1d48      2%          5
 Dragon Form              Tmut           52%        N/A       2%          7
 Apportation              Tloc           50%        N/A       3%          1
 Freeze                   Ice            100%       1d10      3%          1
 Necrotise                Necr           100%       1d9       3%          1
 Slow                     Hex            100%       N/A       3%          1
 Summon Small Mammal      Summ           100%       N/A       3%          1
 Dazzling Flash           Conj/Hex       88%        N/A       3%          3
 Hailstorm                Conj/Ice       44%        3d10      3%          3
 Call Imp                 Summ           25%        N/A       4%          2
 Ensorcelled Hibernation  Hex/Ice        50%        N/A       4%          2
 Lesser Beckoning         Tloc           50%        N/A       4%          2
 Leda's Liquefaction      Hex/Erth       30%        N/A       4%          4
 Silence                  Hex/Air        33%        N/A       6%          5
 Freezing Cloud           Conj/Ice/Air   32%        6-21      9%          5
 Call Canine Familiar     Summ           25%        N/A       10%         3
 Confusing Touch          Hex            25%        N/A       10%         3
 Frozen Ramparts          Ice            50%        1d8       10%         3
 Gell's Gravitas          Tloc           25%        N/A       10%         3
 Inner Flame              Hex/Fire       25%        N/A       10%         3
 Portal Projectile        Hex/Tloc       50%        N/A       10%         3
 Summon Guardian Golem    Hex/Summ       25%        N/A       10%         3
 Teleport Other           Tloc           25%        N/A       10%         3
 Tukima's Dance           Hex            25%        N/A       10%         3
 Vampiric Draining        Necr           25%        2d7       10%         3
 Flame Wave               Conj/Fire      44%        2d11      13%         4
 Fulminant Prism          Conj/Hex       22%        3d12      13%         4
 Iskenderun's Mystic Bla  Conj/Tloc      44%        2d10      13%         4
 Sticky Flame             Conj/Fire      44%        2d6       13%         4
 Iskenderun's Battlesphe  Conj           58%        2d11      14%         5
 Conjure Ball Lightning   Conj/Air       38%        3x3d12    14%         6
 Iron Shot                Conj/Erth      36%        9d7       24%         6
 Anguish                  Hex/Necr       12%        N/A       32%         4
 Dispel Undead            Necr           25%        3d12      32%         4
 Manifold Assault         Tloc           25%        N/A       32%         4
 Fireball                 Conj/Fire      22%        3d10      34%         5
 Agony                    Necr           25%        N/A       67%         5
 Starburst                Conj/Fire      22%        6d7       89%         6
 Dispersal                Tloc           12%        N/A       99%         6
 Orb of Destruction       Conj           29%        9d9       99%         7
 Malign Gateway           Summ/Tloc      12%        N/A       100%        7
 Monstrous Menagerie      Summ           12%        N/A       100%        7
 Ozocubu's Refrigeration  Ice            12%        4d10      100%        7
 Spellforged Servitor     Conj/Summ      22%        N/A       100%        7
 Maxwell's Capacitive Co  Air            46%        ∞         71%         8
 Discord                  Hex            12%        N/A       100%        8
 Disjunction              Tloc           12%        N/A       100%        8
 Ignition                 Fire           12%        3d6       100%        8
 Necromutation            Tmut/Necr      38%        N/A       100%        8
 Summon Horrible Things   Summ           12%        N/A       100%        8
 Fire Storm               Conj/Fire      22%        8d6       100%        9
 Polar Vortex             Ice            12%        N/A       100%        9
 Shatter                  Erth           41%        3d32*     100%        9
 Death Channel            Necr           Unusable   N/A       N/A         6
 Simulacrum               Ice/Necr       Unusable   N/A       N/A         6

Dungeon Overview and Level Annotations

Branches:
Dungeon (15/15)            Temple (1/1) D:7            Lair (5/5) D:11
  Swamp (4/4) Lair:2       Spider (4/4) Lair:2        Slime (5/5) Lair:5
    Orc (2/2) D:11            Elf (3/3) Orc:2        Vaults (5/5) D:13
  Crypt (0/3) Vaults:2     Depths (4/4) D:15            Zot (5/5) Depths:4
Ossuary (visited)           IceCv (visited)          WizLab (visited)

Altars:
Ashenzari
Cheibriados
Dithmenos
Elyvilon
Fedhas
Gozag
Hepliaklqana
Kikubaaqudgha
Makhleb
Nemelex Xobeh
Okawaru
Qazlal
Ru
Sif Muna
Trog
Uskayaw
Vehumet
Wu Jian
Xom
Yredelemnul
Zin
The Shining One
Jiyva

Shops:
D:3 ::   D:6 ?((:   D:7 [(   D:13 :   D:14 (   Orc:2 (*[=   Elf:1 :   Elf:2 (
Vaults:2 !   Vaults:4 (   Zot:3 *   Depths:1 :   Depths:2 =   Depths:3 [[(
Depths:4 ==:

Portals:
Hell: Depths:1 Depths:2 Depths:3 Depths:4
Abyss: Depths:1 Depths:2 Depths:3
Pandemonium: Depths:2
Ziggurat: Depths:2


Innate Abilities, Weirdness & Mutations

Your serpentine skin is tough. (AC +9)
You have supernaturally acute eyesight. (SInv)
Armour fits poorly on your strangely shaped body.
Your system is resistant to poisons. (rPois)
You cover ground very slowly.
You can spit poison.
You can use your snake-like lower body to constrict enemies.
You are clumsy. (Dex -2)
Potions are less effective at restoring your health.


Message History

A hell beast comes into view.
You blast the hell beast!!!!
You kill the hell beast!
A black mist starts to gather...
There is a stone staircase leading up here.
(D) Dungeon (T) Temple (L) Lair (S) Swamp (N) Spider Nest (M) Slime Pits (O) Orcish Mines (E) Elven Halls (V) Vaults (C) Crypt (U) Depths (H) Hell (Z) Zot
Where to? (Enter - D:1, ? - help)
You fly upwards.
Your mindless puppets stay behind to rot.
There is a stone staircase leading down here.
Magic restored.
Your transformation is almost over.
An Orb Guardian comes into view.
Your bound Hell Sentinel gestures at the Orb Guardian.
The sphere of damnation explodes!
The damnation engulfs the Orb Guardian!!
The Orb Guardian hits your bound Hell Sentinel!
The Orb Guardian hits your bound Hell Sentinel but does no damage.
Your bound Hell Sentinel hits the Orb Guardian!
Your bound Hell Sentinel drains the Orb Guardian.
Your bound Hell Sentinel closely misses the Orb Guardian.
The Orb Guardian completely misses you.
Your bound Hell Sentinel hits the Orb Guardian.
Your bound Hell Sentinel barely misses the Orb Guardian.
You catch the helpless Orb Guardian completely off-guard!
You blast the Orb Guardian!!!!!
You kill the Orb Guardian!
The dead are walking!
(D) Dungeon (T) Temple (L) Lair (S) Swamp (N) Spider Nest (M) Slime Pits (O) Orcish Mines (E) Elven Halls (V) Vaults (C) Crypt (U) Depths (H) Hell (Z) Zot
Where to? (Enter - D:1 @ (x,y), ? - help)
Your transformation has ended.
The +2 cloak of the Thief {*Fog Slay-2 SInv Stlth+} unmelds from your body.
The -2 hat of the Alchemist {rElec rPois rF+ rC+ rN+ Will+ rMut rCorr} unmelds from your body.
Your +2 pair of gloves of strength unmelds from your body.
The +0 barding of Gravity {*Corrode rC+ Regen+} unmelds from your body.
The +4 robe of Folly {Brill Will-∞ Int+8} unmelds from your body.
You feel stronger.
There is an open gate here.
There is a staircase leading out of the dungeon here.
You have escaped!

♣...# #........
♣...# #........
♣...# #..#..###
♣♣...## ##........
♣.....###.........
♣♣......##.........
♣.8..8..8#.........
♣♣........'.........
♣..@Z.^...'.........
♣♣..Z.....'.########
♣.8..8..8###
♣.......## ♣......##
♣♣....## ♣...)#
♣♣...# ♣♣..#


You could see a friendly bound Hell Sentinel and a friendly Orb Guardian zombie.

Vanquished Creatures
  3 dread liches
  4 orbs of fire
  4 ancient liches
  The ghost of Bucoetae the Slayer, a veteran OgBe of Trog (Zot:3)
  Boris (twice) (Vaults:3 Vaults:5)
  Sojobo (Depths:1)
  A shard shrike (Zot:1)
  Saint Roka (Orc:2)
  10 Killer Klowns (Zot:5)
  2 pandemonium lords
  3 curse toes
  Jory (Vaults:4)
  6 golden dragons
  the Enchantress (Depths:1)
  3 bone dragons
  A Brimstone Fiend (Depths:3)
  An electric golem (Zot:5)
  2 hellephants
  A shard shrike zombie (Zot:1)
  10 tentacled monstrosities
  25 Orb Guardians
  8 liches
  2 walking crystal tomes
  A walking frostbound tome (Zot:2)
  A deep elf master archer (Elf:3)
  A shard shrike skeleton (Abyss:3)
  4 titans
  3 deep elf blademasters (Elf:3)
  2 Hell Sentinels
  3 quicksilver dragons
  7 acid blobs
  An Executioner (Zot:1)
  5 death cobs
  An ancient champion (WizLab)
  7 tentacled starspawn
  4 sphinxes
  12 shadow dragons
  A thorn hunter (Swamp:2)
  Kirke (Lair:5)
  4 tengu reavers
  9 draconian monks
  26 storm dragons
  A fenstrider witch (Swamp:3)
  4 fire giants
  4 draconian knights
  6 deep elf sorcerers
  7 rockslimes
  3 narguns (Zot:2)
  An azure jelly (Slime:5)
  Louise (Swamp:2)
  A frost giant (Depths:1)
  Aizul (Depths:1)
  10 vault wardens
  3 draconian scorchers
  9 ghost moths
  2 balrugs
  4 draconian shifters
  2 cacodemons
  6 deep elf elementalists
  22 very ugly things
  3 draconian annihilators
  A demonspawn blood saint (D:2)
  4 quicksilver oozes
  13 ironbound preservers
  5 war gargoyles
  6 ironbound thunderhulks
  A broodmother (Spider:2)
  3 spriggan defenders (Depths:1)
  2 vampire knights
  9 black draconians
  11 stone giants
  6 deep elf demonologists
  4 eleionomae
  14 deep elf annihilators
  6 green draconians
  A dire elephant (shapeshifter) (Abyss:3)
  9 white draconians
  12 dire elephants (Vaults:2)
  17 purple draconians
  2 bunyips
  12 red draconians
  2 spark wasps
  19 yellow draconians
  Snorg (D:10)
  8 ettins
  A blizzard demon (Depths:3)
  2 green deaths
  2 very ugly thing zombies (Zot:1)
  A crystal guardian (Vaults:4)
  4 deep elf death magi
  11 yaktaur captains
  3 jiangshi (Abyss:3)
  4 fire dragons
  27 vault guards
  3 deep elf high priests
  4 great orbs of eyes
  An entropy weaver (Vaults:5)
  An Orb Guardian zombie (Zot:5)
  2 peacekeepers
  6 ice dragons
  A hell beast (D:2)
  10 hydras
  2 rakshasas (Abyss:3)
  5 spriggan air magi
  An anaconda (shapeshifter) (Vaults:5)
  3 ogre magi
  A catoblepas (Lair:4)
  2 ghost crabs
  2 radroaches (Spider:3)
  14 centaur warriors
  5 ironbound frosthearts
  2 deep troll shamans
  6 two-headed ogres
  A jorogumo (Spider:4)
  9 death yaks
  A deep troll earth mage (Depths:2)
  18 dancing weapons
  4 alligators
  7 boulder beetles
  An orc high priest (Orc:2)
  2 hell hogs (Abyss:3)
  9 thrashing horrors
  2 spriggan berserkers
  3 tengu warriors (D:15)
  2 vampire magi
  4 deep elf knights
  Urug (Orc:2)
  8 hell knights
  2 sixfirhies
  The ghost of bande the Cleaver, a novice GrFi of Okawaru (D:10)
  5 wretched stars
  2 skysharks (Lair:4)
  A storm dragon zombie (Zot:5)
  4 iron trolls
  4 sun demons
  2 spatial maelstroms (Abyss:3)
  2 sun moths (Spider:4)
  2 cherubim (Depths:3)
  8 skeletal warriors
  3 goliath frogs
  2 shadow wraiths
  36 deep trolls
  6 orb spiders
  4 glowing orange brains
  A shadow demon (Abyss:3)
  7 bog bodies
  3 pharaoh ants
  A death drake (Swamp:3)
  A spriggan druid (Swamp:3)
  8 lindwurms
  A swamp dragon (Swamp:3)
  2 spectral wolf spiders (D:10)
  14 ironbound convokers
  2 spectral hydras (Swamp:4)
  A swamp dragon (shapeshifter) (Vaults:5)
  3 wizards
  An obsidian statue (Zot:3)
  6 necromancers
  7 phantasmal warriors
  An orange crystal statue (Depths:2)
  6 deep elf archers
  7 steelbarb worms
  6 orc knights
  20 deep elf pyromancers
  A goliath frog zombie (Swamp:2)
  23 ugly things
  A sphinx zombie (Depths:1)
  12 deep elf zephyrmancers
  5 orc sorcerers
  8 wolf spiders
  4 shining eyes
  A fire giant zombie (Vaults:1)
  A tengu skeleton (Vaults:1)
  17 moths of wrath
  2 moths of wrath (shapeshifter)
  A fire giant skeleton (Depths:1)
  4 will-o-the-wisps
  A manticore (D:13)
  2 worldbinders
  3 elephants
  4 black mambas
  2 eyes of devastation (Slime:5)
  A guardian serpent (Depths:3)
  4 apocalypse crabs
  4 torpor snails
  5 smoke demons
  A water nymph (shapeshifter) (D:9)
  An ice statue (IceCv)
  2 demonic crawlers
  20 vault sentinels
  2 green draconian zombies (Zot:1)
  10 cane toads
  2 gargoyles
  A storm dragon simulacrum (Depths:1)
  Psyche (D:8)
  A kobold demonologist (D:11)
  6 orange demons
  2 red draconian zombies (Zot:1)
  An unseen horror (D:10)
  4 komodo dragons
  34 yaktaurs
  A hellion (Abyss:3)
  5 rime drakes
  An anaconda simulacrum (Abyss:3)
  2 efreet (Abyss:2)
  3 ice devils
  4 freezing wraiths
  A tengu conjurer (D:11)
  A yaktaur skeleton (Vaults:1)
  3 ancient zymes
  2 red devils
  A spriggan skeleton (Depths:1)
  3 bloated husks
  A hornet (shapeshifter) (D:11)
  4 trolls
  9 hornets
  14 tarantellas
  A wolf spider simulacrum (D:15)
  A harpy zombie (Abyss:2)
  9 tyrant leeches
  3 hydra zombies (Swamp:4)
  2 meliai (shapeshifter)
  A hellwing (Abyss:2)
  7 polar bears
  A spectral floating eye (Depths:2)
  A raiju (shapeshifter) (Abyss:3)
  3 spectral swamp dragons (Swamp:4)
  10 raiju
  Grinder (D:4)
  12 blink frogs
  2 alligator zombies (Swamp:4)
  80 slime creatures
  A jumping spider (shapeshifter) (Abyss:3)
  14 jumping spiders
  4 vampires (WizLab)
  16 culicivoras
  A deep troll zombie (Vaults:1)
  3 centaur simulacra (D:10)
  A black mamba zombie (Lair:2)
  A spriggan (shapeshifter) (Elf:1)
  6 spriggans
  5 shadows
  3 wyverns
  2 ynoxinuls
  An ettin skeleton (Abyss:2)
  4 air elementals
  A human (Lair:5)
  40 yaks
  2 fire bats (Abyss:3)
  17 large abominations
  11 wraiths
  Eustachio (D:6)
  A fire elemental (Elf:3)
  8 golden eyes
  A hog (shapeshifter) (Abyss:3)
  2 basilisks
  23 starcursed masses
  37 redbacks
  3 chaos spawn (Abyss:3)
  10 vampire mosquitoes
  A yaktaur simulacrum (Vaults:5)
  A steam dragon (D:8)
  4 neqoxecs
  3 two-headed ogre zombies (WizLab)
  A warg (shapeshifter) (Abyss:3)
  7 wargs
  12 swamp worms
  2 acid dragons
  3 spatial vortices (Abyss:3)
  A hell hound (Abyss:3)
  2 water moccasins
  A spectral shining eye (Slime:4)
  3 floating eyes
  A meliai simulacrum (D:10)
  An ice beast (D:7)
  4 sky beasts
  36 orc warriors
  A swamp drake (Swamp:4)
  A blink frog zombie (Lair:4)
  2 human zombies
  2 black bears
  20 wolves
  8 boggarts
  7 ogres
  2 swamp dragon zombies (Swamp:4)
  3 centaurs
  A phantom (Swamp:4)
  4 elf zombies
  2 kobold brigands (D:9)
  15 small abominations
  3 yaktaur zombies (Vaults:5)
  8 bullfrogs
  2 human skeletons
  2 earth elementals
  A necrophage (D:5)
  A gnoll sergeant (D:8)
  2 scorpions
  4 jellies
  9 troll zombies (WizLab)
  9 wights
  A yak zombie (Lair:3)
  8 killer bees
  2 howler monkeys
  4 electric eels
  3 lava snakes
  2 quasits (Abyss:2)
  A gnoll bouda (D:9)
  2 hounds
  19 orc priests
  2 iron imps
  An iguana (D:4)
  20 orc wizards
  4 ogre zombies (WizLab)
  3 mummies (Ossuary)
  Robin (D:4)
  15 gnolls
  8 adders
  2 swamp drake zombies (Swamp:4)
  An orc zombie (Orc:2)
  3 shadow imps
  4 white imps
  3 ufetubi
  2 dart slugs
  91 orcs
  6 ball pythons
  4 endoplasms
  3 giant cockroaches
  2 gnoll zombies (Ossuary)
  21 goblins
  7 hobgoblins
  2 jackals (D:1)
  2 quokkas
  6 bats
  3 frilled lizards
  A goblin zombie (Ossuary)
  4 hobgoblin zombies (Ossuary)
  18 kobolds
  2 kobold zombies (Ossuary)
  3 rats
  A bush (Lair:1)
  A butterfly (D:10)
  A starspawn tentacle (Abyss:3)
1907 creatures vanquished.

Vanquished Creatures (collateral kills)
  An ancient lich (Abyss:3)
  2 bone dragons
  A Tzitzimitl (Depths:4)
  An electric golem (Zot:5)
  Jorgrun (D:12)
  Rupert (Lair:4)
  A tentacled monstrosity (Zot:5)
  A titan (Vaults:5)
  3 Orb Guardians (Zot:5)
  5 acid blobs
  A quicksilver dragon (Zot:2)
  3 death cobs
  2 tentacled starspawn (Abyss:3)
  2 storm dragons
  2 tengu reavers
  An azure jelly (Slime:3)
  A rockslime (Slime:4)
  5 fire giants
  A draconian knight (Zot:1)
  3 emperor scorpions (Spider:4)
  A ghost moth (Spider:4)
  4 deep elf sorcerers
  4 vault wardens
  2 frost giants
  2 draconian scorchers
  A balrug (D:2)
  A stone giant (Depths:1)
  A deep elf elementalist (Elf:3)
  5 very ugly things
  5 ironbound preservers
  A spriggan defender (Depths:4)
  3 draconian annihilators
  A cacodemon (Depths:4)
  A war gargoyle (Vaults:5)
  3 quicksilver oozes
  The ghost of cforsyth the Spry, a journeyman KoBr of Hepliaklqana (Orc:1)
  An ironbound thunderhulk (Vaults:1)
  A deep elf demonologist (Elf:3)
  An eleionoma (Swamp:4)
  5 green draconians
  A dire elephant (Vaults:2)
  2 yellow draconians (Zot:4)
  A spark wasp (Spider:1)
  A deep elf annihilator (Elf:3)
  8 black draconians
  6 red draconians
  2 bunyips
  An eidolon (Abyss:2)
  4 white draconians
  3 purple draconians
  2 ettins
  A starcursed mass (Abyss:2)
  A deep elf death mage (Elf:3)
  A fire dragon (Depths:3)
  4 yaktaur captains
  2 entropy weavers
  Josephine (D:10)
  2 deep elf high priests
  5 great orbs of eyes
  7 hydras
  4 vault guards
  A rakshasa (Depths:3)
  4 centaur warriors
  3 ogre magi
  2 radroaches
  2 ice dragons
  2 ironbound frosthearts
  2 spriggan air magi
  The ghost of Hubris850 the Cruncher, a journeyman DrCj (D:9)
  5 two-headed ogres
  An alligator (Swamp:4)
  3 boulder beetles
  2 tengu warriors (D:15)
  4 deep troll shamans (Depths:1)
  7 dancing weapons
  2 death yaks (Lair:3)
  3 deep troll earth magi
  3 hell hogs
  3 thrashing horrors
  7 hell knights
  Sonja (D:10)
  7 deep elf knights
  5 skysharks
  2 wretched stars (Abyss:3)
  3 spriggan berserkers
  2 pharaoh ants
  A spatial maelstrom (Abyss:3)
  A goliath frog (Lair:5)
  2 sixfirhies
  A skeletal warrior (D:15)
  2 sun moths (Spider:4)
  24 deep trolls
  5 large abominations
  3 deep elf archers
  5 orb spiders
  A spriggan rider (Depths:4)
  2 spriggan druids
  2 orc knights
  A swamp dragon (Swamp:4)
  A spectral hydra (Swamp:4)
  4 bog bodies
  2 lindwurms (Lair:5)
  A steelbarb worm (Spider:4)
  2 phantasmal warriors
  6 ironbound convokers
  2 necromancers
  7 deep elf pyromancers
  4 deep elf zephyrmancers
  A shining eye (shapeshifter) (Vaults:3)
  13 ugly things
  11 wolf spiders
  3 cyclopes
  2 shining eyes (Slime:1)
  A salamander (Lair:2)
  A spectral centaur (D:10)
  10 moths of wrath
  A manticore (D:15)
  A worldbinder (Abyss:3)
  3 eyes of devastation
  A rust devil (Abyss:2)
  6 vault sentinels
  8 elephants
  4 black mambas
  2 smoke demons (Abyss:3)
  A torpor snail (Spider:1)
  A guardian serpent (Depths:3)
  20 cane toads
  5 demonic crawlers
  A water nymph (shapeshifter) (D:11)
  A kobold demonologist (D:13)
  A rime drake (Lair:4)
  2 freezing wraiths
  5 komodo dragons
  A spectral tyrant leech (Swamp:1)
  2 swamp worm zombies (Swamp:4)
  12 yaktaurs
  An efreet (Abyss:2)
  2 ancient zymes
  A tengu conjurer (Depths:3)
  2 trolls
  A human skeleton (Vaults:1)
  A queen bee (shapeshifter) (Abyss:3)
  4 hornets
  4 polar bears
  A hydra zombie (Swamp:4)
  A wind drake (shapeshifter) (D:11)
  16 tarantellas
  A bloated husk (Swamp:4)
  2 hellwings (D:6)
  20 blink frogs
  4 tyrant leeches
  2 raiju (Abyss:2)
  An alligator zombie (Swamp:4)
  A culicivora zombie (Spider:2)
  15 jumping spiders
  A culicivora (shapeshifter) (Abyss:3)
  A flying skull (Abyss:3)
  41 slime creatures
  5 wraiths
  10 culicivoras
  2 spriggans
  5 water elementals
  2 air elementals (Elf:3)
  6 hogs (Lair:5)
  2 wyverns (D:9)
  13 yaks
  2 fire bats (Abyss:3)
  2 fire elementals (Elf:1)
  A golden eye (shapeshifter) (Depths:2)
  4 basilisks
  A chaos spawn (Abyss:2)
  3 neqoxecs
  3 golden eyes (Slime:2)
  31 redbacks
  A warg (D:12)
  8 vampire mosquitoes
  2 spatial vortices (Abyss:3)
  4 swamp worms
  2 acid dragons
  11 water moccasins
  A glowing shapeshifter skeleton (Vaults:5)
  5 small abominations
  6 orc warriors
  A human zombie (Vaults:1)
  A swamp dragon zombie (Swamp:4)
  An ogre (D:10)
  6 wolves
  3 boggarts
  A vampire mosquito zombie (Swamp:3)
  A gnoll sergeant (D:13)
  A kobold brigand (D:8)
  7 bullfrogs
  A water moccasin zombie (Lair:3)
  A warg zombie (Abyss:3)
  2 wights (D:9)
  5 killer bees
  2 electric eels
  A jelly (Abyss:3)
  4 orc priests
  A quasit (Abyss:2)
  An iron imp (Abyss:2)
  2 orc wizards
  A gnoll (D:8)
  A shadow imp (Abyss:3)
  An orc zombie (D:15)
  6 orcs
  A gnoll zombie (D:13)
  2 bushes
  2 starspawn tentacles (Abyss:3)
728 creatures vanquished.

Vanquished Creatures (others)
  A golden dragon (Vaults:5)
  2 liches (Abyss:3)
  A spectral jelly (Zot:1)
  A spectral human (Vaults:5)
  A spectral juggernaut (Depths:4)
  A fire giant (Depths:1)
  A spectral draconian (Zot:5)
  A draconian scorcher (Zot:5)
  4 spectral tentacled monstrosities
  A spectral elf (Elf:3)
  A spectral golden dragon (Zot:3)
  A spectral quicksilver dragon (Zot:2)
  4 Killer Klown zombies (Zot:5)
  A black draconian (Zot:5)
  A white draconian (Zot:5)
  6 very ugly thing zombies
  2 acid blob zombies (Slime:5)
  2 quicksilver dragon zombies
  A spectral emperor scorpion (Spider:4)
  A vault guard (Vaults:5)
  9 Orb Guardian zombies (Zot:5)
  A ghost crab (Swamp:4)
  A spectral balrug (Zot:1)
  A quicksilver ooze zombie (Slime:1)
  An emperor scorpion zombie (Spider:4)
  10 storm dragon zombies
  A spectral fire dragon (D:15)
  4 ghost moth zombies
  A golden dragon zombie (Vaults:5)
  A spark wasp zombie (Spider:4)
  A death drake (Zot:4)
  A shadow dragon zombie (Vaults:5)
  2 sphinx zombies
  4 ugly thing zombies
  A spectral two-headed ogre (D:11)
  4 wolf spider zombies
  2 deep elf zephyrmancers
  A jorogumo zombie (Spider:4)
  3 hell hog zombies (Abyss:3)
  8 draconian zombies
  A frost giant zombie (Depths:2)
  A moth of wrath (Zot:3)
  A spectral rakshasa (Abyss:3)
  6 centaur zombies
  3 green draconian zombies
  4 white draconian zombies
  3 swamp worm zombies (Swamp:4)
  2 steelbarb worm zombies (Spider:4)
  6 yellow draconian zombies
  An unseen horror zombie (D:10)
  A death yak zombie (IceCv)
  3 purple draconian zombies
  A black draconian zombie (Zot:4)
  3 red draconian zombies
  A spectral glowing orange brain (Abyss:3)
  3 orb spider zombies
  7 redback zombies
  A death drake zombie (Zot:4)
  2 yaktaurs (Vaults:3)
  12 moth of wrath zombies
  2 hydra zombies
  2 demonic crawler zombies
  3 bloated husks (Swamp:4)
  A boulder beetle zombie (Lair:5)
  2 sun moth zombies (Spider:4)
  3 deep troll zombies
  2 great orb of eyes zombies (Slime:5)
  7 jumping spider zombies
  3 ice dragon zombies
  2 ettin zombies
  2 tarantella zombies
  A meliai zombie (Abyss:3)
  A jumping spider (Spider:4)
  A black mamba zombie (Lair:2)
  17 slime creature zombies
  A ynoxinul (Abyss:3)
  A fire bat (Abyss:3)
  A tyrant leech zombie (Swamp:4)
  2 chaos spawn (Abyss:3)
  A spectral orange demon (Abyss:2)
  A vampire mosquito (Swamp:3)
  6 two-headed ogre zombies
  A water nymph zombie (D:9)
  2 tengu zombies
  3 cane toad zombies
  31 human zombies
  2 fire bat zombies (Abyss:3)
  2 spectral smoke demons
  5 elephant zombies
  An orc warrior (Vaults:5)
  A spectral eye of devastation (Slime:5)
  A spectral efreet (Abyss:2)
  A spectral golden eye (Slime:4)
  A spectral shining eye (Slime:2)
  19 elf zombies
  5 hornet zombies
  A lindwurm zombie (Vaults:3)
  A swamp dragon zombie (Vaults:5)
  9 blink frog zombies
  4 hog zombies (Lair:5)
  A torpor snail zombie (Lair:5)
  A rime drake zombie (Lair:5)
  7 vampire mosquito zombies
  An apocalypse crab zombie (Abyss:3)
  2 komodo dragon zombies
  16 yaktaur zombies
  3 spectral chaos spawn (Abyss:3)
  2 spectral neqoxecs
  A troll zombie (D:11)
  A water moccasin zombie (Lair:5)
  3 polar bear zombies (IceCv)
  A queen bee zombie (Abyss:3)
  13 yak zombies
  4 raiju zombies
  8 wolf zombies
  5 bullfrog zombies
  3 boggart zombies (Vaults:2)
  8 killer bee zombies
  An acid dragon zombie (Abyss:3)
  5 ogre zombies
  2 spectral quasits (Abyss:2)
  A jelly zombie (Abyss:3)
  2 spectral shadow imps
  2 spectral white imps
  3 gnoll zombies
  4 kobold zombies
  58 orc zombies
  4 demonic plants (Abyss:3)
  A fire vortex (Lair:3)
  11 foxfires
  71 fungi
  2 lurking horrors (Abyss:3)
  161 plants
  17 starspawn tentacles
730 creatures vanquished.

Grand Total: 3365 creatures vanquished

Notes
Turn   | Place    | Note
-------+----------+-------------------------------------------
     0 | D:1      | Khashishi the Naga Venom Mage began the quest for the Orb.
     0 | D:1      | Reached XP level 1. HP: 15/15 MP: 3/3
    43 | D:1      | Learned a level 1 spell: Magic Dart
   111 | D:1      | Reached XP level 2. HP: 9/22 MP: 0/5
   668 | D:1      | Learned a level 2 spell: Poisonous Vapours
   779 | D:2      | Reached XP level 3. HP: 26/28 MP: 2/6
   916 | D:2      | Reached skill level 1 in Conjurations
  1020 | D:2      | Reached XP level 4. HP: 36/36 MP: 4/7
  1321 | D:2      | Reached skill level 1 in Air Magic
  1325 | D:2      | Learned a level 3 spell: Mephitic Cloud
  1360 | D:3      | Found Raddaduc's Book Emporium.
  1446 | D:3      | Reached XP level 5. HP: 36/42 MP: 3/8
  1648 | D:3      | Found a blossoming altar of Fedhas.
  1767 | D:3      | Found a faded altar of an unknown god.
  1859 | D:3      | Found an opulent altar of Gozag.
  2046 | D:3      | Found Ivoman's Book Shop.
  2081 | D:3      | Reached skill level 5 in Poison Magic
  2126 | D:3      | Reached XP level 6. HP: 49/49 MP: 10/10
  2337 | D:4      | Noticed Grinder
  2347 | D:4      | Paralysed by Grinder for 3 turns
  2356 | D:4      | Killed Grinder
  2357 | D:4      | Reached skill level 1 in Fighting
  2357 | D:4      | Reached skill level 5 in Stealth
  2415 | D:4      | Reached XP level 7. HP: 53/60 MP: 5/11
  2432 | D:4      | Learned a level 4 spell: Olgreb's Toxic Radiance
  2522 | D:4      | Noticed Robin
  2530 | D:4      | Killed Robin
  2897 | D:5      | Entered Level 5 of the Dungeon
  3260 | D:5      | Found a hide-covered altar of Uskayaw.
  3260 | D:5      | Found a glowing golden altar of the Shining One.
  3818 | D:6      | Found Kuigaini's Antique Weapon Shop.
  3841 | D:6      | Reached XP level 8. HP: 68/68 MP: 8/13
  4036 | D:6      | Found Zamagrudd's Book Shoppe.
  4044 | D:6      | Bought a book of Changes for 216 gold pieces
  4048 | D:6      | Learned a level 3 spell: Spider Form
  4074 | D:6      | Found a shimmering blue altar of Sif Muna.
  4111 | D:6      | Found Foiggett's Antique Weapon Emporium.
  4216 | D:6      | Noticed a yak
  4226 | D:6      | Killed a yak
  4227 | D:6      | Reached skill level 1 in Unarmed Combat
  4327 | D:6      | Noticed a yak
  4327 | D:6      | Noticed a yak
  4343 | D:6      | Killed a yak
  4344 | D:6      | Reached skill level 2 in Unarmed Combat
  4348 | D:6      | Killed a yak
  4775 | D:6      | Noticed a shadow
  4801 | D:6      | Killed a shadow
  4802 | D:6      | Reached skill level 3 in Unarmed Combat
  4802 | D:6      | Reached XP level 9. HP: 73/78 MP: 15/15
  4805 | D:6      | Learned a level 2 spell: Wereblood
  4951 | D:6      | Noticed Eustachio
  4971 | D:6      | Killed Eustachio
  5064 | D:6      | Found Luaclur's Magic Scroll Emporium.
  5221 | D:7      | Reached skill level 4 in Unarmed Combat
  5240 | D:7      | Found a stormy altar of Qazlal.
  5304 | D:7      | Found Ymeloxza's Antique Armour Boutique.
  5328 | D:7      | Found Atuin's Firing Range.
  5421 | D:7      | Found a sand-covered staircase.
  5427 | Ossuary  | Entered an ossuary
  5481 | Ossuary  | Reached skill level 5 in Spellcasting
  5862 | D:7      | Found a staircase to the Ecumenical Temple.
  5868 | Temple   | Entered the Ecumenical Temple
  5949 | Temple   | Became a worshipper of Yredelemnul the Dark
  6924 | D:8      | Noticed Psyche
  6947 | D:8      | Reached skill level 5 in Unarmed Combat
  6975 | D:8      | Killed Psyche
  6975 | D:8      | Reached * piety under Yredelemnul
  6976 | D:8      | Reached skill level 5 in Fighting
  6976 | D:8      | Reached XP level 10. HP: 88/88 MP: 7/18
  7080 | D:8      | Reached ** piety under Yredelemnul
  7777 | D:9      | Noticed a centaur warrior
  7799 | D:9      | Killed a centaur warrior
  7800 | D:9      | Reached skill level 6 in Unarmed Combat
  7800 | D:9      | Reached skill level 1 in Invocations
  7847 | D:9      | Noticed a centaur warrior
  7976 | D:9      | Reached skill level 10 in Stealth
  8009 | D:9      | Noticed a two-headed ogre
  8017 | D:9      | Killed a two-headed ogre
  8036 | D:9      | Noticed a two-headed ogre
  8043 | D:9      | Killed a two-headed ogre
  8044 | D:9      | Reached skill level 7 in Unarmed Combat
  8044 | D:9      | Reached XP level 11. HP: 97/97 MP: 0/20
  8174 | D:9      | Noticed a six-headed hydra
  8184 | D:9      | Killed a six-headed hydra
  8187 | D:9      | Noticed a two-headed ogre
  8205 | D:9      | Killed a two-headed ogre
  8261 | D:9      | Noticed a fire crab
  8261 | D:9      | a fire crab changed into a cyclops
  8261 | D:9      | Noticed a cyclops (shapeshifter)
  8279 | D:9      | Noticed a two-headed ogre
  8280 | D:9      | Noticed a centaur warrior
  8290 | D:9      | Killed a two-headed ogre
  8297 | D:9      | Killed a centaur warrior
  8434 | D:9      | Noticed a boulder beetle
  8444 | D:9      | Killed a boulder beetle
  8445 | D:9      | Reached skill level 8 in Unarmed Combat
  8452 | D:9      | Found an ancient bone altar of Kikubaaqudgha.
  8454 | D:9      | Found a hazy altar of Hepliaklqana.
  8601 | D:9      | Found a white marble altar of Elyvilon.
  8601 | D:9      | Found an ancient bone altar of Kikubaaqudgha.
  8645 | D:9      | Found a runed translucent gate.
  8646 | D:9      | Found a runed translucent gate.
  8647 | D:9      | Found a runed translucent gate.
  8650 | D:9      | Noticed Hubris850's ghost (journeyman DrCj)
  8773 | D:9      | Reached *** piety under Yredelemnul
  8841 | D:9      | Noticed a purple ugly thing
  8844 | D:9      | Identified the +1 chain mail of Xiwikol {+Inv rF+ SInv
                  | Stlth+}
  8870 | D:9      | Killed a purple ugly thing
  8871 | D:9      | Reached skill level 1 in Evocations
  8940 | D:9      | Killed a centaur warrior
  9069 | D:9      | Reached XP level 12. HP: 48/106 MP: 14/22
  9103 | D:9      | Killed Hubris850's ghost
  9104 | D:9      | Reached skill level 5 in Dodging
  9104 | D:9      | Reached skill level 5 in Transmutations
  9230 | D:10     | Entered Level 10 of the Dungeon
  9251 | D:10     | Reached skill level 5 in Invocations
  9254 | D:10     | Noticed Snorg
  9257 | D:10     | Found a white marble altar of Elyvilon.
  9268 | D:10     | Killed Snorg
  9269 | D:10     | Reached skill level 9 in Unarmed Combat
  9320 | D:10     | Noticed Sonja
  9325 | D:10     | Killed Sonja
  9360 | D:10     | Noticed Josephine
  9399 | D:10     | Killed Josephine
  9400 | D:10     | Reached **** piety under Yredelemnul
  9402 | D:10     | Reached ***** piety under Yredelemnul
  9406 | D:10     | Your ally Sonja died
  9454 | D:10     | Your ally Josephine died
  9571 | D:10     | Got the Papyrus of Oromancy
  9578 | D:10     | Learned a level 5 spell: Lee's Rapid Deconstruction
  9650 | D:10     | Noticed a two-headed ogre
  9651 | D:10     | Noticed a two-headed ogre
  9655 | D:10     | Killed a two-headed ogre
  9656 | D:10     | Killed a two-headed ogre
  9657 | D:10     | Noticed a two-headed ogre
  9666 | D:10     | Noticed an ogre mage
  9667 | D:10     | Killed a two-headed ogre
  9667 | D:10     | Noticed a two-headed ogre
  9668 | D:10     | Reached skill level 1 in Earth Magic
  9674 | D:10     | Killed an ogre mage
  9674 | D:10     | Killed a two-headed ogre
  9833 | D:10     | Found a runed translucent gate.
  9834 | D:10     | Found a runed translucent gate.
  9835 | D:10     | Found a runed translucent gate.
  9836 | D:10     | Noticed bande's ghost (novice GrFi)
  9865 | D:10     | Reached skill level 10 in Unarmed Combat
  9945 | D:10     | Killed bande's ghost
  9946 | D:10     | Gained mutation: You can use your snake-like lower body to
                  | constrict enemies. [Naga growth]
  9946 | D:10     | Reached XP level 13. HP: 36/117 MP: 18/24
 10275 | D:11     | Found a staircase to the Orcish Mines.
 10428 | D:11     | Reached ****** piety under Yredelemnul
 10489 | D:11     | Learned a level 6 spell: Statue Form
 10967 | D:11     | Found a staircase to the Lair.
 11012 | D:11     | Upgraded the game from 0.30-a0-800-g7c544603b3 to
                  | 0.30-a0-802-gb92711bcdf
 11062 | Orc:1    | Entered Level 1 of the Orcish Mines
 11164 | Orc:1    | Reached skill level 5 in Evocations
 11173 | Orc:1    | Reached skill level 11 in Unarmed Combat
 11268 | Orc:1    | Found a runed translucent door.
 11279 | Orc:1    | Noticed cforsyth's ghost (journeyman KoBr)
 11314 | Orc:1    | Killed cforsyth's ghost
 11491 | Orc:2    | Entered Level 2 of the Orcish Mines
 11734 | Orc:2    | Noticed Urug
 11747 | Orc:2    | Killed Urug
 11750 | Orc:2    | Noticed Saint Roka
 11756 | Orc:2    | Found a staircase to the Elven Halls.
 11758 | Orc:2    | Reached XP level 14. HP: 104/127 MP: 5/26
 11920 | Orc:2    | Killed Saint Roka
 11991 | Orc:2    | Found Qadefa's General Store.
 11994 | Orc:2    | Reached skill level 5 in Earth Magic
 11997 | Orc:2    | Found Rimov's Jewellery Shoppe.
 12087 | Orc:2    | Found Baffouw's Antique Armour Shoppe.
 12153 | Orc:2    | Found Xowyasm's Antique Weapon Shoppe.
 12327 | Orc:2    | Bought a pair of runed gloves for 232 gold pieces
 12659 | D:6      | Bought a scroll of acquirement for 676 gold pieces
 12659 | D:6      | Acquired the +0 barding of Gravity {*Corrode rC+ Regen+}
 12838 | Lair:1   | Entered Level 1 of the Lair of Beasts
 12847 | Lair:1   | Acquired a book of Transfigurations
 13693 | Lair:2   | Found a staircase to the Swamp.
 14035 | Lair:2   | Identified the +5 quarterstaff of Disintegration {freeze,
                  | Str+4}
 14231 | Lair:2   | Found a hole to the Spider Nest.
 14327 | Lair:2   | Learned a level 5 spell: Irradiate
 14412 | Lair:3   | Gained mutation: You occasionally lose the ability to drink
                  | potions when taking damage. [mutagenic glow]
 14424 | Lair:3   | Reached skill level 12 in Unarmed Combat
 14424 | Lair:3   | Lost mutation: You occasionally lose the ability to drink
                  | potions when taking damage. [potion of mutation]
 14424 | Lair:3   | Gained mutation: Your flesh is heat resistant. (rF+)
                  | [potion of mutation]
 14424 | Lair:3   | Gained mutation: You have a pair of small horns on your
                  | head. [potion of mutation]
 14424 | Lair:3   | Gained mutation: You are robust. (+10% HP) [potion of
                  | mutation]
 14871 | Lair:3   | Reached skill level 10 in Fighting
 14875 | Lair:3   | Reached XP level 15. HP: 129/151 MP: 9/27
 15561 | Lair:4   | Noticed Rupert
 15568 | Lair:4   | Killed Rupert
 15882 | Lair:5   | Entered Level 5 of the Lair of Beasts
 15951 | Lair:5   | Noticed Kirke
 15957 | Lair:5   | Noticed a sphinx
 15965 | Lair:5   | Killed Kirke
 16136 | Lair:5   | Reached skill level 13 in Unarmed Combat
 16170 | Lair:5   | Reached skill level 10 in Transmutations
 16170 | Lair:5   | Reached XP level 16. HP: 165/165 MP: 29/29
 16354 | Lair:5   | Found a viscous altar of Jiyva.
 16355 | Lair:5   | Found a staircase to the Slime Pits.
 16489 | Lair:5   | Identified the +4 dagger of the Pharaoh's Fist {antimagic,
                  | Drain Int+5 SInv}
 16963 | D:6      | Bought a manual of Unarmed Combat for 960 gold pieces
 16983 | D:6      | Got Sif Muna's Compendium of Algor
 16985 | D:6      | Got Sif Muna's Discourse on Orientation
 16987 | D:6      | Got Sif Muna's Elucidation of Dark Mysteries
 17348 | D:12     | Found a frozen archway.
 17370 | IceCv    | Entered an ice cave
 17636 | IceCv    | Got the Secrets of the Crevasse
 17640 | IceCv    | Identified the +1 quarterstaff "Topli" {drain, Str+3}
 18278 | D:12     | Noticed Jorgrun
 18285 | D:12     | Killed Jorgrun
 18760 | D:13     | Found a gate to the Vaults.
 18770 | D:13     | Reached skill level 14 in Unarmed Combat
 18864 | D:13     | Found Zafo Via's Book Shop.
 19110 | D:14     | Reached skill level 10 in Spellcasting
 19214 | D:14     | Found Ablihys's Weapon Shoppe.
 19508 | D:14     | Reached XP level 17. HP: 174/174 MP: 25/31
 19704 | D:15     | Entered Level 15 of the Dungeon
 19836 | D:15     | Reached skill level 1 in Armour
 20224 | D:15     | Found the +27 heavy crossbow "Sniper" {heavy, Acc+∞ SInv}
 20358 | D:15     | Reached skill level 10 in Earth Magic
 20367 | D:15     | Reached skill level 15 in Unarmed Combat
 20477 | D:15     | Found a staircase to the Depths.
 20890 | Spider:1 | Entered Level 1 of the Spider Nest
 21053 | Spider:1 | Reached skill level 10 in Invocations
 21772 | Spider:2 | Identified the +0 ring mail "Soexzem" {rPois Regen+ Int+3
                  | Stlth+}
 22501 | Spider:3 | Reached XP level 18. HP: 187/187 MP: 19/32
 22543 | Spider:3 | Reached skill level 16 in Unarmed Combat
 23592 | Spider:4 | Entered Level 4 of the Spider Nest
 24438 | Spider:4 | Got a gossamer rune of Zot
 24666 | Swamp:1  | Entered Level 1 of the Swamp
 24740 | Swamp:1  | Learned a level 6 spell: Iron Shot
 25175 | Swamp:1  | Reached skill level 17 in Unarmed Combat
 25375 | Swamp:2  | Reached skill level 15 in Stealth
 25486 | Swamp:2  | Noticed Louise
 25499 | Swamp:2  | Killed Louise
 25884 | Swamp:3  | Reached XP level 19. HP: 171/199 MP: 34/34
 26156 | Swamp:3  | Got Daucruips's Essays on Skeletons
 26556 | Swamp:4  | Entered Level 4 of the Swamp
 26723 | Swamp:4  | Reached skill level 5 in Air Magic
 26885 | Swamp:4  | Noticed a bone dragon
 26902 | Swamp:4  | Killed a bone dragon
 26903 | Swamp:4  | Reached skill level 18 in Unarmed Combat
 26916 | Swamp:4  | Got a decaying rune of Zot
 27305 | Elf:1    | Entered Level 1 of the Elven Halls
 27615 | Elf:1    | Paralysed by an air elemental for 1 turns
 27743 | Elf:1    | Paralysed by an air elemental for 1 turns
 27792 | Elf:1    | Found Lecugeadd's Book Emporium.
 28484 | Elf:2    | Found Coipefiw's Antique Weapon Shop.
 28792 | Elf:2    | Found a runed translucent gate.
 28792 | Elf:2    | Found a runed translucent gate.
 28792 | Elf:2    | Found a runed translucent gate.
 28933 | Elf:2    | Reached XP level 20. HP: 207/207 MP: 7/35
 28953 | Elf:2    | Reached skill level 19 in Unarmed Combat
 28983 | Elf:2    | Learned a level 7 spell: Storm Form
 29294 | Elf:3    | Entered Level 3 of the Elven Halls
 29740 | Elf:3    | Learned a level 2 spell: Blink
 30028 | Elf:3    | Paralysed by an air elemental for 1 turns
 30054 | Elf:3    | Reached skill level 10 in Air Magic
 30253 | Elf:3    | Found the -2 hat of the Alchemist {rElec rPois rF+ rC+ rN+
                  | Will+ rMut rCorr}
 30258 | Elf:3    | Identified the ring "Iromefof" {rCorr Str+6 Slay+3}
 30262 | Elf:3    | Found the +7 mace of Variability {chaos, chain chaos}
 30287 | Elf:3    | Identified the +7 rapier "Simu" {flame, SInv}
 30289 | Elf:3    | Identified the +0 hat of the Rose {Regen+ rCorr}
 30301 | Elf:3    | Identified the +7 hand axe "Doeps" {drain, Str+3}
 30311 | Elf:3    | Identified the ring of Toth {Fly rElec Will+}
 30332 | Elf:3    | Identified the +5 spear "Hiudat" {flame, rF+ Str+3}
 30340 | Elf:3    | Found the +2 cloak of the Thief {*Fog Slay-2 SInv Stlth+}
 30341 | Elf:3    | Found the +5 scythe "Finisher" {speed, eviscerate}
 30342 | Abyss:2  | Cast into level 2 of the Abyss (a deep elf demonologist)
 30351 | Abyss:2  | Found a corrupted altar of Lugonu.
 30396 | Elf:3    | Escaped the Abyss
 30439 | Elf:3    | Identified the +2 leather armour of Ickiluik {+Blink rPois
                  | Int-4 Stlth-}
 30441 | Elf:3    | Got Huji Rig's Precepts of the Assistive Whammy
 30470 | Elf:3    | Identified the +1 short sword of the Tired Beggars {freeze,
                  | SInv}
 30787 | Depths:1 | Entered Level 1 of the Depths
 30787 | Depths:1 | Noticed the Enchantress
 30798 | Depths:1 | Noticed Aizul
 30808 | Depths:1 | Killed the Enchantress
 30814 | Depths:1 | Killed Aizul
 30860 | Depths:1 | Reached XP level 21. HP: 159/215 MP: 24/36
 30863 | Depths:1 | Noticed Sojobo
 30866 | Depths:1 | Reached skill level 20 in Unarmed Combat
 30876 | Depths:1 | Killed Sojobo
 31140 | Depths:1 | Found a one-way gate to the infinite horrors of the Abyss.
 31187 | Depths:1 | Found Ferr's Self-Improvement Boutique.
 31196 | Depths:1 | Bought a manual of Dodging for 1040 gold pieces
 31309 | Depths:1 | Found a portal to a secret trove of treasure.
 31395 | Depths:1 | Found a gateway to Hell.
 31649 | Depths:1 | You paid a toll of a +6 demon whip to enter a treasure
                  | trove
 31650 | Trove    | Entered a treasure trove
 31657 | Trove    | Identified the ring of the Stallion {Dex+5 SInv}
 31659 | Trove    | Identified the ring "Miusm" {Fire *Slow Str+7 SInv}
 31662 | Trove    | Identified the amulet of Xom's Bemusement {Faith rF+ Str+2}
 31666 | Trove    | Identified the ring "Hacruots" {rElec rN+ Str+2 Int+4}
 31675 | Trove    | Identified the ring "Neluh" {AC+4 Int-2 Dex+3 Slay+6}
 31689 | Trove    | Identified the ring "Sampa" {Fire rPois Will+ Int+4}
 31706 | Trove    | Identified the ring of Yredelemnul's Envy {Will+ rCorr}
 31919 | Depths:2 | Found a one-way gate leading to the halls of Pandemonium.
 32182 | Depths:2 | Found a one-way gateway to a ziggurat.
 32195 | Depths:2 | Found Touroami's Jewellery Shoppe.
 32342 | Depths:2 | Reached skill level 10 in Dodging
 32380 | Depths:2 | Noticed a caustic shrike
 32385 | Depths:2 | Killed a caustic shrike
 32385 | Depths:2 | Enslaved a caustic shrike
 32429 | Depths:2 | Identified the +7 great sword of Qoman {freeze, rCorr Dex+2
                  | SInv}
 32568 | Depths:3 | Found Gozag's Antique Armour Shop.
 32574 | Depths:3 | Found Gozag's Antique Armour Boutique.
 32602 | Depths:3 | Found an opulent altar of Gozag.
 32602 | Depths:3 | Noticed a golden dragon
 32799 | Depths:3 | Found Gozag's Antique Weapon Shop.
 32872 | Depths:3 | Killed a golden dragon
 32872 | Depths:3 | Enslaved a golden dragon
 33118 | Depths:4 | Entered Level 4 of the Depths
 33444 | Depths:4 | Found Xodaskue's Book Boutique.
 33445 | Depths:4 | Found Vikim's Jewellery Emporium.
 33445 | Depths:4 | Found Waxymoq's Jewellery Emporium.
 33455 | Depths:4 | Bought the ring "Laripu" {rF++ MP+9 AC+4 Str-3 Int+4} for
                  | 1793 gold pieces
 33461 | Depths:4 | Bought a book of Party Tricks for 384 gold pieces
 33468 | Depths:4 | Learned a level 5 spell: Alistair's Intoxication
 33531 | Depths:4 | Noticed a juggernaut
 33561 | Depths:4 | Killed a juggernaut
 33561 | Depths:4 | Enslaved a juggernaut
 33742 | Depths:4 | Reached skill level 15 in Transmutations
 33768 | Depths:4 | Noticed a golden dragon
 33778 | Depths:4 | Killed a golden dragon
 33928 | Depths:4 | Found a gate to the Realm of Zot.
 34266 | Depths:4 | Identified the +4 ring mail of Poor Excuses {Dex+3}
 34434 | Vaults:1 | Entered Level 1 of the Vaults
 34688 | Vaults:1 | Reached XP level 22. HP: 225/225 MP: 25/37
 35347 | Vaults:1 | Reached skill level 21 in Unarmed Combat
 35845 | Vaults:1 | Learned a level 5 spell: Blade Hands
 35930 | Vaults:2 | Found a magical portal.
 35962 | WizLab   | Entered Zonguldrok's Shrine
 36137 | WizLab   | Noticed an antique lich
 36140 | WizLab   | Killed an antique lich
 36170 | WizLab   | Found the +9 sword of Zonguldrok {reap}
 36706 | Vaults:2 | Found Geomnebb's Distillery.
 36943 | Vaults:2 | Found a staircase to the Crypt.
 37175 | Vaults:2 | Upgraded the game from 0.30-a0-802-gb92711bcdf to
                  | 0.30-a0-808-g6e0788376e
 37378 | Vaults:3 | Reached XP level 23. HP: 233/233 MP: 34/39
 37546 | Vaults:3 | Noticed Boris
 37554 | Vaults:3 | Killed Boris
 38266 | Vaults:3 | Noticed Margery
 38273 | Vaults:3 | Killed Margery
 38273 | Vaults:3 | Enslaved Margery
 38806 | Vaults:4 | Noticed Jory
 38811 | Vaults:4 | Killed Jory
 39258 | Vaults:4 | Reached skill level 22 in Unarmed Combat
 39344 | Vaults:4 | Found Oxadi's Antique Weapon Emporium.
 39499 | Vaults:5 | Entered Level 5 of the Vaults
 39503 | Vaults:5 | Noticed a dread lich
 39517 | Vaults:5 | Reached skill level 15 in Dodging
 39517 | Vaults:5 | Identified the +5 whip "Siginid" {heavy, *Rage Str+2 Int+2
                  | Stlth+}
 39520 | Vaults:5 | Noticed a golden dragon
 39521 | Vaults:5 | Reached skill level 15 in Invocations
 39523 | Vaults:5 | Killed a dread lich
 39525 | Vaults:5 | Your ally Margery died
 39526 | Vaults:5 | Reached XP level 24. HP: 232/242 MP: 23/39
 39542 | Vaults:5 | Noticed Boris
 39546 | Vaults:5 | Noticed an ancient lich
 39560 | Vaults:5 | Killed an ancient lich
 39562 | Vaults:5 | Killed Boris
 39786 | Vaults:5 | Got the Spellbook of Terrestrial Vitiation
 39810 | Vaults:5 | Identified the -1 pair of boots of the Tuna {rN+ Stlth+}
 39873 | Vaults:5 | Identified the +3 chain mail of a Labyrinth {rElec rPois
                  | MP-9 Str+4}
 40120 | Vaults:5 | Got Vehumet's Discourse on Striking
 40299 | Vaults:5 | Gained mutation: You are very robust. (+20% HP) [mutagenic
                  | glow]
 40312 | Vaults:5 | Noticed Bai Suzhen
 40322 | Vaults:5 | Killed Bai Suzhen
 40322 | Vaults:5 | Enslaved Bai Suzhen
 40346 | Vaults:5 | Got a silver rune of Zot
 40619 | Vaults:5 | Identified the +1 demon blade of Masiedeji {freeze, rElec
                  | Will+ Dex+3 Stlth+}
 40701 | Vaults:5 | Reached skill level 23 in Unarmed Combat
 41037 | Depths:1 | Voluntarily entered the Abyss.
 41095 | Abyss:2  | Found a corrupted altar of Lugonu.
 41148 | Abyss:2  | Found a corrupted altar of Lugonu.
 41398 | Abyss:2  | Found a corrupted altar of Lugonu.
 41603 | Abyss:3  | Found a hazy altar of Hepliaklqana.
 41617 | Abyss:3  | Reached XP level 25. HP: 270/274 MP: 26/39
 41624 | Abyss:3  | Found a hazy altar of Hepliaklqana.
 41705 | Abyss:3  | Found a corrupted altar of Lugonu.
 41741 | Abyss:3  | Found a corrupted altar of Lugonu.
 41754 | Abyss:3  | Noticed an ancient lich
 41763 | Abyss:3  | Killed an ancient lich
 41780 | Abyss:3  | Paralysed by accursed screaming for 1 turns
 41799 | Abyss:3  | Identified the +9 whip "Byckolaj" {venom, rPois Int+5
                  | Stlth+}
 41804 | Abyss:3  | Identified the +1 hand axe of Acudd {spect, rElec Int+2}
 41935 | Abyss:3  | Gained mutation: You are weak. (Str -2) [a neqoxec]
 41954 | Abyss:3  | Found a corrupted altar of Lugonu.
 42104 | Abyss:3  | Noticed an ancient lich
 42109 | Abyss:3  | Killed an ancient lich
 42110 | Abyss:3  | Reached skill level 15 in Fighting
 42130 | Abyss:3  | Reached skill level 24 in Unarmed Combat
 42160 | Abyss:3  | Got an abyssal rune of Zot
 42254 | Depths:1 | Escaped the Abyss
 42494 | Slime:1  | Entered Level 1 of the Pits of Slime
 42974 | Slime:3  | Gained mutation: You are dopey. (Int -2) [a shining eye]
 43271 | Slime:4  | Gained mutation: You have hidden genetic defects. [a
                  | shining eye]
 43278 | Slime:4  | Lost mutation: You have a pair of small horns on your head.
                  | [a shining eye]
 43700 | Slime:5  | Entered Level 5 of the Pits of Slime
 43761 | Slime:5  | Reached XP level 26. HP: 212/297 MP: 38/39
 43764 | Slime:5  | Found a viscous altar of Jiyva.
 43789 | Slime:5  | Noticed the Royal Jelly
 43798 | Slime:5  | Killed the Royal Jelly
 43798 | Slime:5  | Enslaved the Royal Jelly
 44201 | Slime:5  | Upgraded the game from 0.30-a0-808-g6e0788376e to
                  | 0.30-a0-845-g7c6808c8ce
 44440 | D:11     | You fall into a shaft and drop 2 floors!
 44635 | Zot:1    | Entered Level 1 of the Realm of Zot
 44666 | Zot:1    | You fall into a shaft and drop 1 floor!
 44738 | Zot:1    | Reached skill level 25 in Unarmed Combat
 44848 | Zot:1    | Identified the +1 leather armour of Geyczegg {rN+ Int-5
                  | Stlth+}
 45054 | Zot:1    | Noticed a shard shrike
 45058 | Zot:1    | Your ally the Royal Jelly died
 45063 | Zot:1    | Killed a shard shrike
 45090 | Zot:1    | Gained mutation: You are clumsy. (Dex -2) [hidden defects]
 45129 | Zot:1    | Lost mutation: You are dopey. (Int -2) [potion of mutation]
 45129 | Zot:1    | Lost mutation: Your flesh is heat resistant. (rF+) [potion
                  | of mutation]
 45129 | Zot:1    | Lost mutation: You are clumsy. (Dex -2) [potion of
                  | mutation]
 45129 | Zot:1    | Gained mutation: You have terrible hidden genetic defects.
                  | [potion of mutation]
 45129 | Zot:1    | Gained mutation: Your body sometimes deteriorates upon
                  | taking damage. [potion of mutation]
 45130 | Zot:1    | Lost mutation: Your body sometimes deteriorates upon taking
                  | damage. [potion of mutation]
 45130 | Zot:1    | Lost mutation: You are weak. (Str -2) [potion of mutation]
 45130 | Zot:1    | Lost mutation: You are very robust. (+20% HP) [potion of
                  | mutation]
 45130 | Zot:1    | Gained mutation: Potions are less effective at restoring
                  | your health. [potion of mutation]
 45130 | Zot:1    | Gained mutation: You are covered in fur. (AC +1) [potion of
                  | mutation]
 45131 | Zot:1    | Lost mutation: You are covered in fur. (AC +1) [potion of
                  | mutation]
 45131 | Zot:1    | Lost mutation: You have terrible hidden genetic defects.
                  | [potion of mutation]
 45131 | Zot:1    | Gained mutation: Your magical capacity is low. (-10% MP)
                  | [potion of mutation]
 45131 | Zot:1    | Gained mutation: You occasionally lose the ability to read
                  | scrolls when taking damage. [potion of mutation]
 45131 | Zot:1    | Lost mutation: You have hidden genetic defects. [potion of
                  | mutation]
 45132 | Zot:1    | Lost mutation: Your magical capacity is low. (-10% MP)
                  | [potion of mutation]
 45132 | Zot:1    | Lost mutation: You occasionally lose the ability to read
                  | scrolls when taking damage. [potion of mutation]
 45132 | Zot:1    | Gained mutation: You are clumsy. (Dex -2) [potion of
                  | mutation]
 45316 | Zot:1    | Identified the +1 pair of boots of Emionaq {-Tele rC+
                  | Will+++ Dex+3}
 45901 | Slime:5  | Got a slimy rune of Zot
 45929 | Slime:5  | Identified the +0 plate armour of the Tuna {Rampage Dex+3}
 47377 | Zot:3    | Reached skill level 26 in Unarmed Combat
 47807 | Zot:3    | Found a runed translucent gate.
 47808 | Zot:3    | Found a runed translucent gate.
 47808 | Zot:3    | Found an opulent altar of Gozag.
 47808 | Zot:3    | Found a runed translucent gate.
 47809 | Zot:3    | Noticed Bucoetae's ghost (veteran OgBe)
 47812 | Zot:3    | Found Fehoduf's Assorted Antiques.
 47812 | Zot:3    | Noticed an orb of fire
 48130 | Zot:3    | Killed an orb of fire
 48131 | Zot:3    | Reached XP level 27. HP: 270/292 MP: 36/39
 48143 | Zot:3    | Killed Bucoetae's ghost
 48656 | Zot:4    | Reached skill level 27 in Unarmed Combat
 48850 | Zot:4    | Identified the +3 triple sword "Xuefudgh" {freeze, rF- rN+
                  | rCorr Str+2}
 49240 | Zot:5    | Entered Level 5 of the Realm of Zot
 49593 | Zot:5    | Noticed an orb of fire
 49603 | Zot:5    | Killed an orb of fire
 49612 | Zot:5    | Noticed an ancient lich
 49629 | Zot:5    | Noticed an orb of fire
 49637 | Zot:5    | Noticed an orb of fire
 49983 | Zot:5    | Noticed a dread lich
 49992 | Zot:5    | Killed an orb of fire
 49999 | Zot:5    | Killed a dread lich
 50004 | Zot:5    | Noticed a dread lich
 50005 | Zot:5    | Killed an orb of fire
 50014 | Zot:5    | Killed a dread lich
 50017 | Zot:5    | Killed an ancient lich
 50035 | Zot:5    | Lost mutation: You are robust. (+10% HP) [mutagenic glow]
 50378 | Zot:5    | Got the Orb of Zot
 50582 | Depths:4 | Noticed Kucih the pandemonium lord
 50590 | Depths:4 | Killed Kucih the pandemonium lord
 50682 | Depths:3 | Noticed Loppebb the pandemonium lord
 50698 | Depths:3 | Killed Loppebb the pandemonium lord
 51098 | D:$      | Escaped with the Orb!

Illustrated notes

Levels and vault maps discovered:
D:1:      kennysheep_arrival_forest, layout_basic
D:2:      layout_rooms
D:3:      layout_basic, mainiacjoe_overflow_tiny_flanked, lemuel_tele_altar,
          serial_shops, shop, shop_fountains, hellmonk_ecumenical_altar_lost_god
D:4:      layout_cave_pools, hangedman_abyss_or_decor_stagger, uniq_grinder,
          uniq_robin
D:5:      nicolae_cairo_tiling_large, layout_basic,
          nicolae_overflow_two_pavilions, serial_curves, eino_curves_02,
          eino_curves_02, eino_curves_03, eino_curves_03,
          grunt_decor_one_mirror, kennysheep_cross_bottleneck
D:6:      layout_gridville, nicolae_sif_muna_little_library, serial_shops, shop,
          nicolae_shop_trees, shop, nicolae_shop_stone, uniq_eustachio
D:7:      layout_layer_cave, old_standard_altar,
          minmay_temple_entry_proselytizer, nicolae_ossuary_entry_plus,
          serial_shops, shop_fountains, nicolae_shop_firing_range
D:8:      layout_basic, uniq_psyche
D:9:      minmay_the_grid_octo_tiled_squarecenter
          [minmay_the_grid_octo_pinwheel, minmay_the_grid_octo_horde,
          minmay_the_grid_octo_teeth, minmay_the_grid_octo_shrine,
          minmay_the_grid_square_5x5_megaprize_crossed,
          minmay_the_grid_square_5x5_intrusive_squares,
          minmay_the_grid_square_5x5_plus, minmay_the_grid_square_5x5_z,
          minmay_the_grid_square_5x5_broken_cross], layout_basic,
          biasface_ghost_orc_armoury
D:10:     layout_small_grid, nicolae_elyvilon_peaceful_grove,
          gammafunk_ghost_necromancy, uniq_sonja, uniq_josephine, uniq_snorg
D:11:     hangedman_cross_veins, layout_rooms, minivault_20
D:12:     layout_basic, portal_ice_cave_entry_pillars_2, uniq_jorgrun
D:13:     layout_rooms, skrybe_vaults_entry_preservation, serial_shops, shop,
          dk_noncrumbling_3
D:14:     layout_small_grid, serial_shops, nicolae_shop_trees
D:15:     grunt_enter_depths_snipers, layout_loops_ring, special_room
          [special_room_orc], kennysheep_kite_vault
Temple:   nicolae_temple_bog_church
Lair:1:   dragon1_lemuel, layout_misc_corridors, grunt_forest_small_clearings
Lair:2:   layout_gridlike, skrybe_swamp_entry_bodies,
          spider_nest_entry_funnel_web
Lair:3:   layout_gridlike
Lair:4:   layout_gridlike, nzn_random_ring, uniq_rupert
Lair:5:   minmay_lair_end_frog_pond, layout_cave_shapes,
          dpeg_slime_entry_corner, minmay_lindwurm_lava, uniq_kirke
Swamp:1:  layout_basic_swamp, nicolae_swamp_big_swirl
Swamp:2:  layout_basic_swamp, nicolae_swamp_little_swirl, uniq_louise
Swamp:3:  nicolae_swamp_standing_stones, layout_falls_marsh,
          evilmike_swamp_ruin_rubble_2
Swamp:4:  swamp_pestilence, layout_basic_swamp
Spider:1: layout_spider_delve, nicolae_spider_webbed_stairs
Spider:2: mumra_spider_spiderweb
Spider:3: layout_chambers
Spider:4: spider_rune_water
Slime:1:  layout_caves
Slime:2:  layout_caves
Slime:3:  layout_caves
Slime:4:  layout_caves
Slime:5
Orc:1:    layout_caves, ebering_ghost_reflecting_pool
Orc:2:    grunt_orc_cross, layout_caves
Elf:1:    nicolae_elf_arrival_fired_up, layout_geoelf_grid, serial_shops,
          nicolae_shop_statue_plus, minmay_elf_crystal_hexagon, minivault_28,
          grunt_megastairs_5
Elf:2:    nicolae_elf_blades_splatter_lattice [nooodl_blade_entry_preview],
          layout_geoelf_octagon, serial_shops, nicolae_shop_waterfront
Elf:3:    minmay_elf_hall_four_x, layout_geoelf_castle
Vaults:1: grunt_vaults_twisty, nicolae_vaults_network_square,
          vaults_dpeg_diagonal, nicolae_vaults_little_squares_1,
          nicolae_vaults_halls_meeting, v_misc_28, v_misc_25,
          nicolae_vaults_twisting_passages, vaults_standard_mumra_x,
          vaults_dpeg_ring, layout_vaults_quadrants, serial_glass
Vaults:2: infiniplex_enter_wizlab_water, ontoclasm_vaults_hangar,
          minmay_crypt_entry_nasty_monster, v_misc_30, nicolae_vaults_asterisk,
          v_rooms_1, dpeg_vaults_monster_box,
          vaults_standard_mumra_enter_the_diamond, vaults_dpeg_spiral,
          v_rooms_4, hangedman_vaults_nails, layout_vaults_ring, serial_shops,
          shop
Vaults:3: nicolae_vaults_network_periphery, v_alt_pattern_4, v_misc_16,
          nicolae_vaults_little_squares_4, v_pattern_5, vaults_room_ringed_pool,
          nicolae_vaults_rhombus_5, hangedman_vaults_stitches,
          hangedman_vaults_hat, nicolae_vaults_gold_heap,
          layout_vaults_chaotic_city, uniq_margery, uniq_boris
Vaults:4: v_misc_25, nicolae_vaults_alarming, v_alt_pattern_6,
          vaults_room_fours, grunt_vaults_swirl, ontoclasm_vaults_eye,
          v_misc_18, st_squares, layout_vaults_omnicross, serial_shops,
          nicolae_shop_behind_doors, uniq_jory
Vaults:5: uniq_bai_suzhen
Depths:1: layout_cave_shapes, hell_entry, chequers_hall_statues_corner_a,
          abyss_entry_glasseish, nicolae_trove_entry_diagonal,
          nicolae_shop_self_help, uniq_sojobo, uniq_enchantress, uniq_aizul,
          uniq_saint_roka
Depths:2: evilmike_pillar_path, layout_long_grid, enter_ziggurat_c,
          rand_demon_pan_entry_8, abyss_entry, serial_shops,
          nicolae_shop_behind_doors, roderic_roman_lattice, hell_entry,
          minivault_16, infiniplex_staircase_x
Depths:3: kennysheep_gozag_temple, layout_cave_pools, abyss_entry_crystal,
          hell_entry
Depths:4: grunt_bruiser_brothers, layout_basic, lightli_too_deep,
          minmay_shop_grove, serial_bayou_shore_a
Zot:1:    layout_twisted_circle, hangedman_zot_spectrum
Zot:2:    layout_basic, nicolae_rock_paper_scissors
Zot:3:    layout_misc_corridors, ebering_ghost_gozag
Zot:4:    kennysheep_blocky_room, layout_misc_corridors, st_stairs_10,
          st_large_dragon_hoard_3
Zot:5:    layout_twisted_circle, hangedman_zot_decor_tridents

Skill      XL: |  1  2  3  4  5  6  7  8  9 10 11 12 13 14 15 16 17 18 19 20 21 22 23 24 25 26 27 |
---------------+----------------------------------------------------------------------------------+-----
Conjurations   | 1 2 3 4 |  4.6
Stealth        | 4 5 6 7 9 10 11 12 13 15 16 | 16.0
Transmutations | 2 3 4 6 7 8 10 11 12 14 15 16 17 | 17.0
Air Magic      | 1 2 8 11 12 13 | 13.0
Poison Magic   | 5 6 7 8 9 |  9.0
Fighting       | 2 4 5 6 7 8 10 11 12 13 14 16 19 24 | 24.2
Spellcasting   | 3 4 5 6 7 8 9 10 11 12 | 12.6
Unarmed Combat | 3 5 7 8 10 11 12 13 14 15 17 18 19 20 21 22 23 24 26 27 | 27.0
Dodging        | 3 4 5 6 7 8 9 11 13 15 16 | 16.6
Invocations    | 3 4 6 7 8 9 10 11 13 15 17 | 17.0
Evocations     | 1 3 5 |  5.0
Earth Magic    | 2 4 6 8 9 10 | 10.2
Armour         | 3 |  3.0

Action                     |  1- 3 |  4- 6 |  7- 9 | 10-12 | 13-15 | 16-18 | 19-21 | 22-24 | 25-27 || total
---------------------------+-------+-------+-------+-------+-------+-------+-------+-------+-------++-------
  Melee: Club              |     3 |       |       |       |       |       |       |       |       ||     3
         Unarmed           |     1 |       |   149 |   238 |   403 |   586 |   482 |   571 |   811 ||  3241
         Short sword       |     4 |       |       |       |       |       |       |       |       ||     4
         Hand axe          |     3 |    17 |    13 |       |       |       |       |       |       ||    33
         Dagger            |     4 |    11 |    21 |     7 |     2 |       |       |       |       ||    45
         Constrict         |       |       |       |       |    41 |   145 |    67 |    93 |   104 ||   450
         Punch             |       |       |       |       |     8 |    49 |    61 |    91 |   192 ||   401
         Headbutt          |       |       |       |       |    17 |   198 |   112 |   149 |    57 ||   533
   Cast: Sting             |    31 |    26 |    29 |     9 |       |       |       |       |       ||    95
         Magic Dart        |    11 |    17 |    21 |     5 |     1 |       |       |       |       ||    55
         Poisonous Vapours |       |     4 |     4 |     5 |     3 |       |       |       |       ||    16
         Mephitic Cloud    |       |     1 |     2 |     2 |    15 |    13 |    12 |     1 |     1 ||    47
         Olgreb's Toxic Ra |       |       |    20 |    46 |   113 |   204 |   103 |    81 |    49 ||   616
         Spider Form       |       |       |    12 |    21 |    30 |     3 |     1 |       |       ||    67
         Wereblood         |       |       |     1 |     9 |    18 |    17 |    13 |    26 |    43 ||   127
         Lee's Rapid Decon |       |       |       |       |    11 |    14 |    35 |    45 |    95 ||   200
         Statue Form       |       |       |       |       |     3 |    27 |    32 |    14 |    14 ||    90
         Irradiate         |       |       |       |       |     1 |     1 |       |       |     1 ||     3
         Storm Form        |       |       |       |       |       |       |     7 |    15 |    25 ||    47
         Alistair's Intoxi |       |       |       |       |       |       |     8 |    13 |     6 ||    27
         Blink             |       |       |       |       |       |       |     1 |       |     3 ||     4
         Iron Shot         |       |       |       |       |       |       |     1 |       |       ||     1
         Blade Hands       |       |       |       |       |       |       |       |     9 |     6 ||    15
 Invoke: Dark Bargain      |       |       |       |     6 |     8 |    28 |     9 |    20 |    13 ||    84
         Recall Undead Har |       |       |       |     4 |     7 |     6 |     6 |     4 |    13 ||    40
         Bind Soul         |       |       |       |       |     2 |     4 |     7 |     3 |     5 ||    21
         Drain Life        |       |       |       |       |       |     1 |     8 |     7 |     5 ||    21
Ability: Spit Poison       |    20 |    29 |    24 |    13 |    28 |    13 |     3 |     1 |       ||   131
         End Transformatio |       |       |       |     1 |     1 |       |     2 |     8 |     5 ||    17
         Blinkbolt         |       |       |       |       |       |       |     6 |    24 |    32 ||    62
  Evoke: Wand              |       |       |       |     9 |     5 |     8 |     7 |       |     1 ||    30
         Phantom mirror    |       |       |       |     1 |     3 |     1 |     2 |       |     1 ||     8
         Box of beasts     |       |       |       |     1 |     2 |     2 |     1 |     3 |     1 ||    10
         Phial of floods   |       |       |       |       |     1 |     1 |     3 |       |     1 ||     6
         Piece from Xom's  |       |       |       |       |       |     1 |       |       |       ||     1
         Lightning rod     |       |       |       |       |       |       |     3 |       |     9 ||    12
         Condenser vane    |       |       |       |       |       |       |     1 |     2 |     3 ||     6
    Use: Scroll            |       |     5 |     6 |    18 |    12 |     6 |     8 |     4 |     5 ||    64
         Potion            |       |     1 |     2 |     2 |     4 |     2 |    13 |     7 |    14 ||    45
   Stab: Sleeping          |     2 |     7 |    14 |     1 |     5 |     4 |     6 |     9 |     5 ||    53
         Confused          |       |       |     2 |     1 |     5 |     9 |     5 |    10 |     3 ||    35
         Distracted        |       |       |       |     6 |    16 |    16 |    16 |    21 |    25 ||   100
         Invisible         |       |       |       |     5 |       |       |       |     2 |       ||     7
         Paralysed         |       |       |       |       |       |       |     1 |       |       ||     1
         Petrified         |       |       |       |       |       |       |       |       |     1 ||     1
 Armour: Robe              |     5 |     2 |       |     6 |    41 |   138 |    41 |   146 |   109 ||   488
         Leather armour    |       |     8 |    19 |     6 |       |       |       |       |       ||    33
         Skin              |       |       |     7 |     5 |    32 |   178 |   372 |   178 |   209 ||   981
  Dodge: Dodged            |    26 |    26 |   186 |   244 |   396 |   491 |   449 |   423 |   560 ||  2801

Table legend: (Time is in decaauts)
 A = Elapsed time spent in this place.
 B = Non-inter-level travel time spent in this place.
 C = Inter-level travel time spent in this place.
 D = Time resting spent in this place.
 E = Time spent auto-exploring this place.
 F = Levels seen in this place.
 G = Mean time per level.
                   A        B        C        D        E       F      G
               +--------+--------+--------+--------+--------+-----+--------+
         Total |  65252 |  57739 |   7513 |   3217 |  30800 |  60 | 1087.5 |
       Dungeon |  19921 |  16738 |   3183 |   1199 |   9517 |  15 | 1328.1 |
        Temple |    139 |    114 |     25 |      0 |     58 |   1 |  139.0 |
          Lair |   5838 |   4689 |   1149 |      0 |   2398 |   5 | 1167.6 |
         Swamp |   3494 |   3197 |    297 |     63 |   1563 |   4 |  873.5 |
   Spider Nest |   5038 |   4772 |    266 |    138 |   2713 |   4 | 1259.5 |
    Slime Pits |   2690 |   2317 |    373 |     10 |   1667 |   5 |  538.0 |
  Orcish Mines |   1851 |   1566 |    285 |    133 |    775 |   2 |  925.5 |
   Elven Halls |   4166 |   3870 |    296 |    316 |   1528 |   3 | 1388.7 |
        Vaults |   7786 |   7396 |    390 |    415 |   4734 |   5 | 1557.2 |
        Depths |   5330 |   4381 |    949 |    236 |   2908 |   4 | 1332.5 |
           Zot |   5896 |   5600 |    296 |    647 |   2625 |   5 | 1179.2 |
         Abyss |   1512 |   1512 |      0 |     58 |    125 |   3 |  504.0 |
         Trove |     90 |     90 |      0 |      0 |      2 |   1 |   90.0 |
       Ossuary |    404 |    404 |      0 |      0 |      0 |   1 |  404.0 |
      Ice Cave |    800 |    800 |      0 |      0 |    177 |   1 |  800.0 |
        Wizlab |    290 |    290 |      0 |      0 |      6 |   1 |  290.0 |
               +--------+--------+--------+--------+--------+-----+--------+

Top non-repeatable levels by time:
Depths:4: 2044 daAuts
     D:6: 2030 daAuts
    D:15: 1947 daAuts
     D:9: 1938 daAuts
     D:7: 1836 daAuts
Vaults:1: 1785 daAuts
Vaults:3: 1774 daAuts
Spider:3: 1704 daAuts
    D:11: 1690 daAuts
Vaults:5: 1661 daAuts
Vaults:2: 1519 daAuts
   Elf:3: 1505 daAuts
   Elf:1: 1409 daAuts
  Lair:2: 1354 daAuts
   Zot:5: 1342 daAuts
